 Dungeon Crawl Stone Soup version 0.18.1-48-g4cf74bf (webtiles) character file.

51 MistressOfTheDunes the Insei (level 3, -4/29 HPs)
             Began as a Mummy Monk on July 19, 2016.
             Slain by a gnoll (7 damage)
             ... on level 1 of the Dungeon.
             The game lasted 00:02:26 (1673 turns).

MistressOfTheDunes the Insei (Mummy Monk)           Turns: 1673, Time: 00:02:27

Health: -4/29      AC:  0    Str: 14    XL:     3   Next: 57%
Magic:  3/3        EV: 13    Int:  9    God:
Gold:   53         SH:  0    Dex: 15    Spells: 0 memorised, 2 levels left

rFire  x . .     SeeInvis .       - Unarmed
rCold  + . .     Gourm    .     (no armour)
rNeg   + + +     Faith    .     (no shield)
rPois  ∞         Spirit   .     (no helmet)
rElec  .         Dismiss  .     (no cloak)
rCorr  .         Reflect  .     (no gloves)
SustAt .         Harm     .     (no boots)
MR     .....                    (no amulet)
Stlth  ++........               (no ring)
                                (no ring)

@: not resistant to hostile enchantments, unstealthy
A: no food or potions, fire vulnerability, cold resistance 1, negative energy
resistance 3, torment resistance, unbreathing
a: no special abilities


You were on level 1 of the Dungeon.
You were not hungry.

You visited 1 branch of the dungeon, and saw 2 of its levels.

You collected 53 gold pieces.


Innate Abilities, Weirdness & Mutations

You do not eat or drink.
Your flesh is vulnerable to fire.
You are immune to poison.
Your flesh is cold resistant.
You are immune to negative energy.
You are immune to unholy pain and torment.
You can survive without breathing.


   Skills:
 - Level 3.0 Fighting
 - Level 2.4 Dodging
 - Level 1.5 Stealth
 + Level 4.4 Unarmed Combat


You had 2 spell levels left.
You didn't know any spells.

Inventory:

Armour
 a - a +0 robe
Scrolls
 b - 2 scrolls of remove curse
 c - a scroll of teleportation {@r4}
 d - a scroll of enchant weapon {unknown}
 e - 3 scrolls of identify {@r1}
 f - a scroll of magic mapping

Dungeon Overview and Level Annotations

Branches:
Dungeon (2/15)

Altars:

........†...▒ ▒..▒
............▒ ▒..▒
▒▒▒.........▒▒▒▒..▒▒
▒▒▒▒...............▒
▒................▒.▒
...▒▒▒...▒.▒▒▒▒▒.▒.▒ ▒.▒▒
▒▒.▒▒.▒ ▒.▒.▒ ▒.▒ ▒.▒▒.▒▒
▒g▒.▒ ▒.▒ ▒.▒▒..▒▒ ▒M▒.▒
▒.▒ ▒.▒▒.▒.▒ ▒g▒.▒
▒.▒▒▒▒▒.▒▒▒.▒▒ ▒.▒.▒
▒.▒▒.........▒ ▒.▒.▒
..▒▒.▒▒▒▒▒▒▒.▒ ▒.▒.▒
▒.▒▒..▒▒▒▒▒▒.▒▒▒.▒.▒
.......▒▒.....▒▒...▒
.▒▒▒.▒÷▒▒.....▒▒▒..▒▒▒▒▒▒▒
...▒.▒.▒▒......▒▒...▒▒...▒


You could see a gnoll and a hobgoblin.


Message History

The gnoll is almost dead!
The gnoll misses you!
You pummel the gnoll like a punching bag!
You annihilate the gnoll!!!
The bat hits you! * * * don't die
* * * The bat closely misses you!
The bat misses you!
There is an escape hatch in the ceiling here!
The bat closely misses you! The gnoll barely misses you!
A mysterious force pulls you upwards! The hatch slams shut behind you!
The gnoll barely misses you!
A hobgoblin comes into view! It is wielding a club!
The hobgoblin shouts!!!
The hobgoblin hits you with a club! * * * don't die
* * * You beat the hobgoblin into a bloody pulp!
You punch the hobgoblin!
The hobgoblin is almost dead!
The gnoll hits you! * * * don't die
* * * The hobgoblin hits you with a club! * * * don't die
* * * You squash the hobgoblin but do no damage!
The hobgoblin is almost dead!
The gnoll closely misses you! The hobgoblin barely misses you!
You closely miss the hobgoblin!
The hobgoblin is almost dead!
The gnoll hits you!!! rip

Action                   || total
-------------------------++-------
Melee: Unarmed           ||   115
       Punch             ||     1
  Use: Scroll            ||     3
 Stab: Sleeping          ||     1
Dodge: Dodged            ||    86

Vault maps used:
D:1:      dpeg_arrival_windows_large_door, minmay_misc_feat_tiny,
          minmay_misc_feat_roman
D:2:      first_bread

Notes
Turn   | Place    | Note
--------------------------------------------------------------
     0 | D:1      | MistressOfTheDunes the Mummy Monk began the quest for the Orb.
     0 | D:1      | Reached XP level 1. HP: 18/18 MP: 1/1
    47 | D:1      | HP: 1/18 [hobgoblin (1)]
   362 | D:1      | Reached XP level 2. HP: 24/24 MP: 2/2
  1169 | D:1      | Reached skill level 4 in Unarmed Combat
  1389 | D:2      | Reached XP level 3. HP: 25/29 MP: 3/3
  1673 | D:1      | Slain by a gnoll

Vanquished Creatures
  A gnoll (D:2)
  An adder (D:2)
  A dart slug (D:1)
  2 giant geckos (D:1)
  4 goblins
  7 hobgoblins
  2 bats (D:1)
  6 giant newts
  2 kobolds (D:1)
  3 rats
29 creatures vanquished.
